General information
			
			
        
        - name: BNet
 
        - type: Ladder team game (AT/RT)
 
        - host: Battle.net
 
        - saver: TIMG4STRok
 
        
map: Cherryville 
        - players: 8
 
        - length: 19:17
 
        - speed: Fast
 - version: 1.22 W3XP
 - replay type:  

 
» download(204 KB)
Players
        team 1 (winner) 
              
              
CORRUPTEDEVIL (
orange | 94 APM | 1805 actions | 19:16)
              
 3 Priestess of the Moon 
 2 Trueshot Aura
 1 Searing Arrows
 
                » actions 
                
                | Assign group hotkey | 34 |  | 
| Basic commands | 23 |  | 
| Build / train | 39 |  | 
| ESC pressed | 1 |  | 
| Enter build submenu | 9 |  | 
| Enter hero's abilities submenu | 3 |  | 
| Remove unit from queue | 1 |  | 
| Right click | 728 |  | 
| Select / deselect | 210 |  | 
| Select group hotkey | 707 |  | 
| Use ability | 50 |  | 
                1805 total
 » units 
                » upgrades
                
                | Moon Armor | 1 |  | 
| Strength of the Moon | 1 |  | 
| Ultravision | 1 |  | 
                3 total
 » buildings
                
                | Altar of Elders | 1 |  | 
| Moon Well | 3 |  | 
| Hunter's Hall | 1 |  | 
| Ancient of War | 2 |  | 
| Tree of Life | 2 |  | 
                9 total
 » build order
                00:10 Altar of Elders
00:34 Moon Well
01:55 Hunter's Hall
01:58 Ancient of War
02:11 Ancient of War
02:24 Moon Well
04:00 Moon Well
05:16 Tree of Life
17:47 Tree of Life
» items
                
                | Scroll of Town Portal | 2 |  | 
| Scroll of Healing | 1 |  | 
| Potion of Healing | 1 |  | 
| Scroll of Regeneration | 2 |  | 
                6 total
  
               
              
              
NADMaN (
red | 139 APM | 2675 actions | 19:16)
              
 3 Archmage 
 2 Blizzard
 1 Brilliance Aura
 3 Blood Mage 
 2 Flame Strike
 1 Siphon Mana
 2 Paladin 
 1 Holy Light
 1 Divine Shield
 
                » actions 
                
                | Assign group hotkey | 25 |  | 
| Basic commands | 54 |  | 
| Build / train | 71 |  | 
| ESC pressed | 2 |  | 
| Enter build submenu | 29 |  | 
| Enter hero's abilities submenu | 8 |  | 
| Remove unit from queue | 1 |  | 
| Right click | 1130 |  | 
| Select / deselect | 462 |  | 
| Select group hotkey | 805 |  | 
| Use ability | 88 |  | 
                2675 total
 » units 
                
                | Peasant | 9 |  | 
| Footman | 6 |  | 
| Mortar Team | 5 |  | 
| Spell Breaker | 6 |  | 
| Priest | 4 |  | 
| Siege Engine | 6 |  | 
                36 total
 » upgrades
                
                | Flare | 1 |  | 
| Fragmentation Shards | 1 |  | 
| Barrage | 1 |  | 
| Gunpowder | 1 |  | 
| Plating | 1 |  | 
                5 total
 » buildings
                
                | Altar of Kings | 1 |  | 
| Barracks | 1 |  | 
| Farm | 11 |  | 
| Scout Tower | 1 |  | 
| Arcane Tower | 1 |  | 
| Arcane Vault | 2 |  | 
| Keep | 2 |  | 
| Lumber Mill | 1 |  | 
| Blacksmith | 1 |  | 
| Arcane Sanctum | 1 |  | 
| Workshop | 4 |  | 
| Castle | 2 |  | 
| Town Hall | 1 |  | 
                29 total
 » build order
                00:06 Altar of Kings
00:14 Barracks
00:18 Farm
00:59 Farm
01:44 Scout Tower
02:12 Arcane Tower
02:15 Farm
03:02 Arcane Vault
03:35 Keep
04:42 Arcane Vault
04:53 Lumber Mill
05:04 Blacksmith
06:36 Arcane Sanctum
06:37 Workshop
07:01 Workshop
07:39 Farm
08:21 Farm
08:49 Farm
08:56 Farm
10:29 Castle
13:51 Farm
15:57 Town Hall
16:29 Workshop
16:30 Workshop
17:07 Farm
17:10 Farm
17:39 Farm
» items
                
                | Scroll of Regeneration | 4 |  | 
| Potion of Healing | 1 |  | 
| Scroll of Town Portal | 4 |  | 
| Staff of Sanctuary | 1 |  | 
                10 total
  
               
              
              
TALONSAREIMBA (
purple | 106 APM | 2043 actions | 19:16)
              
 5 Death Knight 
 3 Death Coil
 2 Unholy Aura
 3 Lich 
 2 Frost Nova
 1 Dark Ritual
 2 Dreadlord 
 1 Sleep
 1 Carrion Swarm
 
                » actions 
                
                | Assign group hotkey | 22 |  | 
| Basic commands | 157 |  | 
| Build / train | 52 |  | 
| ESC pressed | 2 |  | 
| Enter build submenu | 15 |  | 
| Enter hero's abilities submenu | 11 |  | 
| Give item / drop item | 2 |  | 
| Right click | 880 |  | 
| Select / deselect | 352 |  | 
| Select group hotkey | 463 |  | 
| Use ability | 87 |  | 
                2043 total
 » units 
                
                | Acolyte | 2 |  | 
| Ghoul | 2 |  | 
| Crypt Fiend | 7 |  | 
| Frost Wyrm | 4 |  | 
                15 total
 » upgrades
                
                | Creature Attack | 3 |  | 
| Web | 1 |  | 
| Creature Carapace | 3 |  | 
| Freezing Breath | 1 |  | 
                8 total
 » buildings
                
                | Crypt | 1 |  | 
| Graveyard | 1 |  | 
| Altar of Darkness | 1 |  | 
| Ziggurat | 7 |  | 
| Tomb of Relics | 1 |  | 
| Halls of the Dead | 1 |  | 
| Black Citadel | 1 |  | 
| Sacrificial Pit | 1 |  | 
| Spirit Tower | 1 |  | 
| Boneyard | 2 |  | 
                17 total
 » build order
                00:05 Crypt
00:17 Graveyard
00:30 Altar of Darkness
00:46 Ziggurat
01:11 Tomb of Relics
01:43 Ziggurat
04:28 Halls of the Dead
04:43 Ziggurat
06:37 Ziggurat
07:02 Black Citadel
07:28 Sacrificial Pit
08:06 Ziggurat
08:46 Spirit Tower
09:24 Boneyard
09:29 Boneyard
10:51 Ziggurat
13:02 Ziggurat
» items
                
                | Rod of Necromancy | 3 |  | 
| Lesser Clarity Potion | 1 |  | 
| Scroll of Town Portal | 3 |  | 
| Potion of Mana | 4 |  | 
| Orb of Corruption | 2 |  | 
                13 total
  
               
              
              
» 
TIMG4STRok (
pink | 169 APM | 3259 actions | 19:17)
              
 4 Keeper of the Grove 
 2 Entangling Roots
 2 Thorns Aura
 
                » actions 
                
                | Assign group hotkey | 16 |  | 
| Basic commands | 125 |  | 
| Build / train | 57 |  | 
| ESC pressed | 2 |  | 
| Enter build submenu | 19 |  | 
| Enter hero's abilities submenu | 4 |  | 
| Right click | 1382 |  | 
| Select / deselect | 256 |  | 
| Select group hotkey | 1338 |  | 
| Use ability | 60 |  | 
                3259 total
 » units 
                » upgrades
                
                | Abolish Magic | 1 |  | 
| Reinforced Hides | 3 |  | 
| Ultravision | 1 |  | 
| Strength of the Wild | 2 |  | 
| Well Spring | 1 |  | 
| Nature's Blessing | 1 |  | 
                9 total
 » buildings
                
                | Altar of Elders | 1 |  | 
| Moon Well | 4 |  | 
| Hunter's Hall | 1 |  | 
| Ancient of War | 1 |  | 
| Tree of Ages | 1 |  | 
| Tree of Life | 1 |  | 
| Ancient of Lore | 2 |  | 
| Ancient Protector | 5 |  | 
| Tree of Eternity | 1 |  | 
| Ancient of Wonders | 1 |  | 
                18 total
 » build order
                00:05 Altar of Elders
00:22 Moon Well
01:24 Hunter's Hall
01:48 Ancient of War
02:01 Moon Well
02:52 Tree of Ages
03:45 Moon Well
05:05 Tree of Life
05:20 Ancient of Lore
05:29 Ancient of Lore
06:38 Moon Well
09:40 Ancient Protector
09:48 Ancient Protector
09:49 Ancient Protector
10:05 Ancient Protector
10:56 Ancient Protector
13:38 Tree of Eternity
16:57 Ancient of Wonders
» items
                
                | Boots of Speed | 1 |  | 
| Staff of Teleportation | 1 |  | 
| Scroll of Healing | 2 |  | 
| Scroll of Town Portal | 1 |  | 
                5 total
  
               team 2 (loser) 
              
              
beli (
green | 130 APM | 2449 actions | 18:54)
              
 5 Death Knight 
 3 Death Coil
 2 Unholy Aura
 3 Lich 
 2 Frost Nova
 1 Dark Ritual
 3 Dreadlord 
 2 Sleep
 1 Carrion Swarm
 
                » actions 
                
                | Assign group hotkey | 250 |  | 
| Basic commands | 73 |  | 
| Build / train | 99 |  | 
| ESC pressed | 3 |  | 
| Enter build submenu | 19 |  | 
| Enter hero's abilities submenu | 11 |  | 
| Give item / drop item | 3 |  | 
| Right click | 631 |  | 
| Select / deselect | 709 |  | 
| Select group hotkey | 556 |  | 
| Use ability | 95 |  | 
                2449 total
 » units 
                
                | Acolyte | 15 |  | 
| Ghoul | 4 |  | 
| Crypt Fiend | 7 |  | 
| Frost Wyrm | 4 |  | 
                30 total
 » upgrades
                
                | Creature Attack | 3 |  | 
| Burrow | 1 |  | 
| Web | 1 |  | 
| Creature Carapace | 3 |  | 
| Freezing Breath | 1 |  | 
                9 total
 » buildings
                
                | Graveyard | 1 |  | 
| Crypt | 1 |  | 
| Altar of Darkness | 1 |  | 
| Ziggurat | 9 |  | 
| Tomb of Relics | 1 |  | 
| Nerubian Tower | 1 |  | 
| Necropolis | 1 |  | 
| Halls of the Dead | 5 |  | 
| Spirit Tower | 3 |  | 
| Black Citadel | 2 |  | 
| Sacrificial Pit | 1 |  | 
| Boneyard | 3 |  | 
                29 total
 » build order
                00:06 Graveyard
00:09 Crypt
00:41 Altar of Darkness
00:57 Ziggurat
01:24 Tomb of Relics
02:02 Ziggurat
02:42 Nerubian Tower
04:58 Necropolis
05:13 Halls of the Dead
05:14 Halls of the Dead
05:14 Halls of the Dead
05:59 Ziggurat
06:01 Ziggurat
06:03 Ziggurat
06:30 Ziggurat
06:50 Ziggurat
06:56 Spirit Tower
06:56 Spirit Tower
07:25 Spirit Tower
08:06 Black Citadel
08:32 Sacrificial Pit
10:28 Boneyard
10:28 Boneyard
10:30 Boneyard
12:49 Ziggurat
13:11 Ziggurat
» items
                
                | Rod of Necromancy | 2 |  | 
| Dust of Appearance | 1 |  | 
| Potion of Healing | 2 |  | 
| Potion of Mana | 2 |  | 
| Scroll of Town Portal | 3 |  | 
| Orb of Corruption | 1 |  | 
| Scroll of Healing | 3 |  | 
                14 total
  
               
              
              
Chim_Rush (
teal | 58 APM | 1108 actions | 19:02)
              
 2 Tauren Chieftain 
 1 Shockwave
 1 Endurance Aura
 1 Pandaren Brewmaster 
 1 Breath of Fire
 1 Mountain King 
 1 Bash
 
                » actions 
                
                | Assign group hotkey | 81 |  | 
| Basic commands | 36 |  | 
| Build / train | 33 |  | 
| ESC pressed | 4 |  | 
| Enter build submenu | 20 |  | 
| Enter hero's abilities submenu | 4 |  | 
| Right click | 524 |  | 
| Select / deselect | 234 |  | 
| Select group hotkey | 119 |  | 
| Use ability | 53 |  | 
                1108 total
 » units 
                
                | Peon | 6 |  | 
| Grunt | 4 |  | 
| Troll Batrider | 4 |  | 
| Rifleman | 4 |  | 
                18 total
 » upgrades
                » buildings
                
                | Altar of Storms | 1 |  | 
| Orc Burrow | 4 |  | 
| Barracks | 1 |  | 
| Voodoo Lounge | 4 |  | 
| Stronghold | 2 |  | 
| War Mill | 1 |  | 
| Beastiary | 2 |  | 
| Fortress | 2 |  | 
| Arcane Sanctum | 1 |  | 
| Town Hall | 1 |  | 
| Workshop | 1 |  | 
| Farm | 1 |  | 
                21 total
 » build order
                00:02 Altar of Storms
00:14 Orc Burrow
00:31 Barracks
01:20 Orc Burrow
02:12 Voodoo Lounge
03:20 Orc Burrow
04:21 Stronghold
04:21 Stronghold
05:22 War Mill
06:45 Beastiary
06:47 Beastiary
07:24 Fortress
08:04 Orc Burrow
10:08 Voodoo Lounge
12:01 Voodoo Lounge
12:50 Voodoo Lounge
14:02 Arcane Sanctum
15:34 Town Hall
16:01 Workshop
17:20 Farm
» items
                
                | Healing Salve | 2 |  | 
| Scroll of Speed | 2 |  | 
                4 total
  
               
              
              
ForGoTTen_PRo (
yellow | 84 APM | 1626 actions | 19:16)
              
 3 Keeper of the Grove 
 2 Entangling Roots
 1 Thorns Aura
 1 Mountain King 
 1 Storm Bolt
 
                » actions 
                
                | Assign group hotkey | 12 |  | 
| Basic commands | 19 |  | 
| Build / train | 42 |  | 
| Enter build submenu | 17 |  | 
| Enter hero's abilities submenu | 4 |  | 
| Give item / drop item | 1 |  | 
| Right click | 1229 |  | 
| Select / deselect | 214 |  | 
| Select group hotkey | 42 |  | 
| Use ability | 46 |  | 
                1626 total
 » units 
                » upgrades
                
                | Moon Armor | 1 |  | 
| Strength of the Moon | 1 |  | 
| Abolish Magic | 1 |  | 
                3 total
 » buildings
                
                | Altar of Elders | 1 |  | 
| Moon Well | 7 |  | 
| Hunter's Hall | 1 |  | 
| Ancient of War | 2 |  | 
| Ancient Protector | 2 |  | 
| Tree of Life | 1 |  | 
| Tree of Ages | 1 |  | 
| Ancient of Lore | 2 |  | 
| Ancient of Wonders | 1 |  | 
                18 total
 » build order
                00:19 Altar of Elders
00:33 Moon Well
01:34 Hunter's Hall
01:40 Ancient of War
02:08 Ancient of War
02:31 Moon Well
03:55 Moon Well
05:16 Moon Well
07:17 Ancient Protector
08:11 Ancient Protector
08:54 Tree of Life
12:16 Moon Well
12:17 Moon Well
12:38 Tree of Ages
15:55 Ancient of Lore
15:57 Ancient of Lore
16:00 Moon Well
17:00 Ancient of Wonders
» items
                
                | Scroll of Town Portal | 3 |  | 
| Scroll of Regeneration | 1 |  | 
                4 total
  
               
              
              
JEDIMASTERCAIN (
blue | 35 APM | 469 actions | 13:18)
              
 2 Mountain King 
 1 Storm Bolt
 1 Bash
 
                » actions 
                
                | Assign group hotkey | 16 |  | 
| Basic commands | 4 |  | 
| Build / train | 54 |  | 
| ESC pressed | 3 |  | 
| Enter build submenu | 15 |  | 
| Enter hero's abilities submenu | 2 |  | 
| Right click | 199 |  | 
| Select / deselect | 114 |  | 
| Select group hotkey | 22 |  | 
| Use ability | 40 |  | 
                469 total
 » units 
                
                | Peasant | 25 |  | 
| Footman | 18 |  | 
| Rifleman | 1 |  | 
                44 total
 » upgrades
                » buildings
                
                | Altar of Kings | 1 |  | 
| Barracks | 2 |  | 
| Farm | 5 |  | 
| Keep | 1 |  | 
| Arcane Vault | 2 |  | 
| Town Hall | 2 |  | 
| Castle | 2 |  | 
| Blacksmith | 1 |  | 
| Lumber Mill | 1 |  | 
                17 total
 » build order
                00:11 Altar of Kings
00:25 Barracks
00:33 Farm
00:37 Farm
01:51 Farm
03:34 Keep
04:37 Arcane Vault
05:12 Town Hall
06:44 Town Hall
08:11 Castle
08:15 Barracks
08:31 Blacksmith
08:49 Arcane Vault
09:00 Farm
10:11 Farm
10:36 Lumber Mill
11:40 Castle
» items
                 
                Chat log
          (00:07 / All) ForGoTTen_PRo: ahhahah
(00:16 / All) TIMG4STRok: ready for my balls in your face again yellow
(00:37 / All) TIMG4STRok:  ?
(00:41 / All) ForGoTTen_PRo: LAST TIME i PLAYED WITH A GOOD TEAM WE BEAT U
(00:47 / All) ForGoTTen_PRo: SO GET READY TO GET ASS WIPED
(00:48 / All) TALONSAREIMBA: lol
(00:50 / All) TIMG4STRok: no sorry retard im 1-0 vs you
(00:52 / All) CORRUPTEDEVIL: LAST TIME I ATE A DICK
(00:56 / All) ForGoTTen_PRo: umm sorry
(00:56 / All) TIMG4STRok: remember when you only killed 2 of my units that game.
(01:04 / All) TIMG4STRok: you had 92 apm lmfao
(01:07 / All) ForGoTTen_PRo: remember we killed ur hole team thwo?
(01:08 / All) JEDIMASTERCAIN: shhh just play boys just play
(01:09 / All) TIMG4STRok: how the fuck do you get 92 apm
(01:24 / All) ForGoTTen_PRo: i have 50 apm
(01:25 / Allies) TALONSAREIMBA: 9-11 rt
(01:28 / All) ForGoTTen_PRo: last time i won u
(01:31 / All) TIMG4STRok: no
(01:34 / All) TALONSAREIMBA: 9-11 rt
(01:37 / All) TIMG4STRok: youve only played me once god damn
(01:39 / All) TIMG4STRok: you moron
(01:45 / All) TIMG4STRok: and i raped you with 200+ apm thanks.
(01:51 / All) ForGoTTen_PRo: UR A FUCKIN MORON ASK UR FRICKIN IDIOT TEAMATES
(01:55 / All) TALONSAREIMBA: lol
(01:56 / All) TIMG4STRok: 1-0?
(02:26 / All) TIMG4STRok: are you up top yellow
(02:28 / All) TIMG4STRok: i hope you are
(02:30 / All) TALONSAREIMBA: shiet
(02:31 / All) Chim_Rush: you would know
(02:32 / All) TALONSAREIMBA: dam
(02:37 / All) TIMG4STRok: it would be a shame for me to have to fight you across the map
(03:02 / All) TIMG4STRok: lmfao
(03:04 / All) ForGoTTen_PRo: A SHAME
(03:06 / All) TIMG4STRok: look at this guy thinking hes good
(03:37 / All) TIMG4STRok: "hey look at me i saw them fexpo on a replay im going to try it ps im shit at surrounding even with a stun and 30 units"
(05:00 / All) TIMG4STRok: lmfao
(05:48 / All) TIMG4STRok: lmfao
(05:52 / All) TIMG4STRok: thats a surround boy
(06:30 / All) NADMaN: so noob...
(06:35 / All) ForGoTTen_PRo: umm 2v1
(06:37 / All) ForGoTTen_PRo: gj
(06:38 / All) ForGoTTen_PRo: hero kill
(08:38 / All) TIMG4STRok: are you guys serious
(08:47 / All) TIMG4STRok: dk and mk and all you kill is one hero and one unit.
(09:52 / All) CORRUPTEDEVIL: cance
(09:53 / All) CORRUPTEDEVIL: l
(11:35 / All) TIMG4STRok: what are you doing
(11:42 / All) CORRUPTEDEVIL: ROFLE
(11:42 / All) CORRUPTEDEVIL: ROFLE
(13:10 / All) TALONSAREIMBA: christ
(13:12 / All) TALONSAREIMBA: clan tjoc
(13:15 / All) TALONSAREIMBA: 12-0 career
(13:30 / All) TIMG4STRok: see my units how they're all red? it's called micro.
(13:45 / All) ForGoTTen_PRo: 1 red unit
(13:47 / All) ForGoTTen_PRo: hmm
(13:55 / All) CORRUPTEDEVIL: HMM 1 DUMB SURROUND 
(13:56 / All) NADMaN: goalposts: moved
(13:59 / All) TIMG4STRok: actually 3 and a bunch of orange :P~~~
(14:01 / All) TIMG4STRok: 2-0 thanks.
(14:01 / All) NADMaN: stance: backpedaling
(14:53 / All) TALONSAREIMBA: dam
(14:57 / All) TALONSAREIMBA: 500 frosties
(15:00 / All) TALONSAREIMBA: t.t
(15:19 / All) TIMG4STRok: lmfao really
(15:21 / All) TIMG4STRok: 3 units
(15:23 / All) TIMG4STRok: are you serious
(16:39 / All) TIMG4STRok: start running
(17:17 / All) TIMG4STRok: do you still have mass hunts
(17:50 / All) TIMG4STRok: no blue
(17:57 / All) Chim_Rush: pro hacks
(19:08 / All) TIMG4STRok: bye
(19:09 / All) TIMG4STRok: 2-0
(19:10 / All) TIMG4STRok: thanks
(19:11 / All) CORRUPTEDEVIL: BYE
(19:13 / All) CORRUPTEDEVIL: I WIN!
(19:14 / All) CORRUPTEDEVIL: LOL